PAA
MINNESOTA LOONS @ PHOENIX HOTSPUR YOUTH
07/02/2031
 
TOP OF THE 1ST
Minnesota Loons batting - Pitching for Phoenix Hotspur Youth : RHP Alberto Solís
Pitching: RHP Alberto Solís
Batting: RHB Dhyana Snigdha 0-0: Ball
1-0: Ball
2-0: Foul Ball, location: 2F
2-1: SINGLE (Line Drive, 9S)
Batting: RHB Jorge Echevarría 0-0: Ball
Dhyana Snigdha steals 2nd base
1-0: Ball
2-0: Swinging Strike
2-1: Reached on error, E8 (Flyball, 8RXD)
Dhyana Snigdha to third
Batting: RHB Ángelo Delgado 0-0: Ball
1-0: Called Strike
1-1: Swinging Strike
1-2: Foul Ball, location: 2F
1-2: Strikes out swinging
Batting: RHB Luis Delvalle 0-0: Ball
1-0: Called Strike
1-1: Ball
2-1: Foul Ball, location: 2F
2-2: Strikes out looking
Batting: RHB Júlio Vargas 0-0: Swinging Strike
0-1: Ball
1-1: Ball
2-1: Called Strike
Pickoff Throw by Catcher to First - Error! E2
Dhyana Snigdha scores
Jorge Echevarría to second
2-2: Ground out 6-3 (Groundball, 56)
Top of the 1st over - 1 run, 1 hit, 2 errors, 1 left on base; Minnesota 1 - Phoenix Hotspur 0
BOTTOM OF THE 1ST
Phoenix Hotspur Youth batting - Pitching for Minnesota Loons : LHP Steve Tedder
Pitching: LHP Steve Tedder
Batting: RHB Juan Negrete 0-0: Called Strike
0-1: Swinging Strike
0-2: SINGLE (Groundball, 6MD)
Batting: LHB Tyler Kinjeketile 0-0: Ball
1-0: Ball
2-0: Ball
3-0: Called Strike
3-1: Base on Balls
Juan Negrete to second
Batting: LHB Kenny Scott 0-0: Ball
1-0: Ball
2-0: Called Strike
2-1: Foul Ball, location: 2F
2-2: Fielders Choice at 2nd, 1-6 (Groundball, 13S)
Juan Negrete to third
Batting: RHB Carl Tucker 0-0: Ball
1-0: Ball
Kenny Scott is caught stealing 2nd base
2-0: Called Strike
2-1: Foul Ball, location: 2F
2-2: Ball
3-2: Base on Balls
Batting: RHB Braylen Sampson 0-0: Ball
1-0: Called Strike
1-1: Fly out, F7 (Flyball, 7S)
Bottom of the 1st over - 0 runs, 1 hit, 0 errors, 2 left on base; Minnesota 1 - Phoenix Hotspur 0
TOP OF THE 2ND
Minnesota Loons batting - Pitching for Phoenix Hotspur Youth : RHP Alberto Solís
Batting: RHB Jimmy Fick 0-0: Ball
1-0: Ball
2-0: Called Strike
2-1: Ball
3-1: Base on Balls
Batting: RHB Cody Jaeckel 0-0: Called Strike
0-1: Ball
1-1: SINGLE (Groundball, 34D)
Jimmy Fick to second
Runner from 2nd tries for 3rd, SAFE, throw made to third
Batting: RHB José de la Cavallería 0-0: Ball
1-0: SINGLE (Groundball, 25) (infield hit)
Jimmy Fick scores
Cody Jaeckel to second
Batting: RHB Rubén Medina 0-0: Foul Ball, location: 2F
0-1: Ball
1-1: Foul Ball, location: 2F
1-2: Ball
2-2: SINGLE (Line Drive, 89S)
Cody Jaeckel to third
José de la Cavallería to second
Runner from 3rd tries for Home, SAFE, throw made home
Batting: RHB Dhyana Snigdha 0-0: DOUBLE (Line Drive, 78D)
José de la Cavallería scores
Rubén Medina to third
Batting: RHB Jorge Echevarría 0-0: Ball
1-0: Swinging Strike
1-1: SINGLE (Groundball, 6MD)
Rubén Medina scores
Dhyana Snigdha to third
Runner from 3rd tries for Home, SAFE, no throw
Batting: RHB Ángelo Delgado 0-0: Called Strike
0-1: Ball
1-1: Called Strike
1-2: Ball
2-2: Strikes out swinging
Batting: RHB Luis Delvalle 0-0: Called Strike
0-1: Ball
1-1: Ball
2-1: Ball
3-1: Base on Balls
Jorge Echevarría to second
Batting: RHB Júlio Vargas 0-0: Called Strike
0-1: Fly out, F7 (Flyball, 78M)
Batting: RHB Jimmy Fick 0-0: Ball
1-0: Called Strike
1-1: Foul Ball, location: 2F
1-2: Ball
2-2: Ball
3-2: Foul Ball, location: 2F
3-2: Ground out 6-3 (Groundball, 6)
Top of the 2nd over - 5 runs, 5 hits, 0 errors, 2 left on base; Minnesota 6 - Phoenix Hotspur 0
BOTTOM OF THE 2ND
Phoenix Hotspur Youth batting - Pitching for Minnesota Loons : LHP Steve Tedder
Batting: RHB Germán Alfaro 0-0: Ball
1-0: Fly out, F8 (Flyball, 8RM)
Batting: LHB Damian Alldred 0-0: Swinging Strike
0-1: Called Strike
0-2: Ball
1-2: Ball
2-2: TRIPLE (Line Drive, 9LD)
Batting: RHB James Turner 0-0: Called Strike
0-1: Ball
Steal of home, Damian Alldred is out
1-1: Ball
2-1: Ball
3-1: Base on Balls
Batting: SHB Roldan Martir 0-0: Called Strike
0-1: Ball
1-1: Foul Ball, location: 2F
1-2: Fly out, F3 (Popup, 34S)
Bottom of the 2nd over - 0 runs, 1 hit, 0 errors, 1 left on base; Minnesota 6 - Phoenix Hotspur 0
TOP OF THE 3RD
Minnesota Loons batting - Pitching for Phoenix Hotspur Youth : RHP Alberto Solís
Batting: RHB Cody Jaeckel 0-0: Ball
1-0: Swinging Strike
1-1: Swinging Strike
1-2: Strikes out swinging
Batting: RHB José de la Cavallería 0-0: Called Strike
0-1: Foul Ball, location: 2F
0-2: Ball
1-2: Strikes out swinging
Batting: RHB Rubén Medina 0-0: Called Strike
0-1: Ball
1-1: Ball
2-1: SINGLE (Groundball, 34D)
Batting: RHB Dhyana Snigdha 0-0: Ball
1-0: Ball
2-0: Ball
3-0: Called Strike
3-1: Ground out 3-1 (Groundball, 34)
Top of the 3rd over - 0 runs, 1 hit, 0 errors, 1 left on base; Minnesota 6 - Phoenix Hotspur 0
BOTTOM OF THE 3RD
Phoenix Hotspur Youth batting - Pitching for Minnesota Loons : LHP Steve Tedder
Batting: RHB Juan Negrete 0-0: Ball
1-0: Ball
2-0: Swinging Strike
2-1: Foul Ball, location: 2F
2-2: Ball
3-2: Foul Ball, location: 2F
3-2: Foul Ball, location: 2F
3-2: Base on Balls
Batting: LHB Tyler Kinjeketile 0-0: Called Strike
0-1: Ball
1-1: Foul Ball, location: 2F
1-2: Foul Ball, location: 2F
1-2: Ball
2-2: Foul Ball, location: 2F
2-2: Foul Ball, location: 2F
2-2: Foul Ball, location: 2F
2-2: Strikes out swinging
Batting: LHB Kenny Scott 0-0: Grounds into double play, 4-6-3 (Groundball, 4)
Bottom of the 3rd over - 0 runs, 0 hits, 0 errors, 0 left on base; Minnesota 6 - Phoenix Hotspur 0
TOP OF THE 4TH
Minnesota Loons batting - Pitching for Phoenix Hotspur Youth : RHP Alberto Solís
Batting: RHB Jorge Echevarría 0-0: SINGLE (Groundball, 56D)
Batting: RHB Ángelo Delgado 0-0: SINGLE (Flyball, 9LS)
Jorge Echevarría to second
Runner from 2nd tries for 3rd, SAFE, no throw
Batting: RHB Luis Delvalle 0-0: SINGLE (Groundball, 6MD)
Jorge Echevarría scores
Ángelo Delgado to second
Runner from 2nd tries for 3rd, SAFE, no throw
Batting: RHB Júlio Vargas 0-0: Ball
1-0: Ball
2-0: Called Strike
2-1: Foul Ball, location: 2F
2-2: Grounds into double play, 6-4-3 (Groundball, 56)
Ángelo Delgado scores
Batting: RHB Jimmy Fick 0-0: Called Strike
0-1: Fly out, F7 (Line Drive, 7D)
Top of the 4th over - 2 runs, 3 hits, 0 errors, 0 left on base; Minnesota 8 - Phoenix Hotspur 0
BOTTOM OF THE 4TH
Phoenix Hotspur Youth batting - Pitching for Minnesota Loons : LHP Steve Tedder
Batting: RHB Carl Tucker 0-0: Ball
1-0: Foul Ball, location: 2F
1-1: Ball
2-1: Ground out 3-1 (Groundball, 34)
Batting: RHB Braylen Sampson 0-0: Ball
1-0: Ball
2-0: Called Strike
2-1: Ground out 4-3 (Groundball, 4)
Batting: RHB Germán Alfaro 0-0: Ball
1-0: Called Strike
1-1: Ground out 6-3 (Groundball, 6M)
Bottom of the 4th over - 0 runs, 0 hits, 0 errors, 0 left on base; Minnesota 8 - Phoenix Hotspur 0
TOP OF THE 5TH
Minnesota Loons batting - Pitching for Phoenix Hotspur Youth : RHP Alberto Solís
Batting: RHB Cody Jaeckel 0-0: Ball
1-0: Ball
2-0: Fly out, F3 (Popup, 3F)
Batting: RHB José de la Cavallería 0-0: Swinging Strike
0-1: Swinging Strike
0-2: Strikes out looking
Batting: RHB Rubén Medina 0-0: Called Strike
0-1: Ball
1-1: Ball
2-1: Called Strike
2-2: Ball
3-2: Ground out U3 (Groundball, 3L)
Top of the 5th over - 0 runs, 0 hits, 0 errors, 0 left on base; Minnesota 8 - Phoenix Hotspur 0
BOTTOM OF THE 5TH
Phoenix Hotspur Youth batting - Pitching for Minnesota Loons : LHP Steve Tedder
Batting: LHB Damian Alldred 0-0: Called Strike
0-1: Swinging Strike
0-2: Ball
1-2: Strikes out swinging
Batting: RHB James Turner 0-0: Fly out, F9 (Flyball, 9)
Batting: SHB Roldan Martir 0-0: Ball
1-0: Foul Ball, location: 2F
1-1: Called Strike
1-2: Ball
2-2: Ball
3-2: Strikes out swinging, 2-3 out at first.
Bottom of the 5th over - 0 runs, 0 hits, 0 errors, 0 left on base; Minnesota 8 - Phoenix Hotspur 0
TOP OF THE 6TH
Minnesota Loons batting - Pitching for Phoenix Hotspur Youth : RHP Alberto Solís
Batting: RHB Dhyana Snigdha 0-0: Called Strike
0-1: Ball
1-1: Foul Ball, location: 2F
1-2: Ball
2-2: Ball
3-2: Base on Balls
Batting: RHB Jorge Echevarría 0-0: Called Strike
0-1: Ball
1-1: Ball
2-1: Foul Ball, location: 2F
2-2: Grounds into double play, 6-4-3 (Groundball, 6)
Batting: RHB Ángelo Delgado 0-0: Ball
1-0: Called Strike
1-1: Ground out 3-1 (Groundball, 34)
Top of the 6th over - 0 runs, 0 hits, 0 errors, 0 left on base; Minnesota 8 - Phoenix Hotspur 0
BOTTOM OF THE 6TH
Phoenix Hotspur Youth batting - Pitching for Minnesota Loons : LHP Steve Tedder
Batting: RHB Juan Negrete 0-0: Ground out 4-3 (Groundball, 4)
Batting: LHB Tyler Kinjeketile 0-0: Ground out 4-3 (Groundball, 4D)
Batting: LHB Kenny Scott 0-0: Ball
1-0: Ball
2-0: Ball
3-0: Base on Balls
Batting: RHB Carl Tucker 0-0: Ball
1-0: Ball
Kenny Scott steals 2nd base
2-0: Ball
3-0: Called Strike
3-1: Base on Balls
Batting: RHB Braylen Sampson 0-0: Swinging Strike
0-1: Foul Ball, location: 2F
0-2: Fielders Choice at 2nd, U6 (Groundball, 6M)
Bottom of the 6th over - 0 runs, 0 hits, 0 errors, 2 left on base; Minnesota 8 - Phoenix Hotspur 0
TOP OF THE 7TH
Minnesota Loons batting - Pitching for Phoenix Hotspur Youth : RHP Alberto Solís
Batting: RHB Luis Delvalle 0-0: Swinging Strike
0-1: Ball
1-1: Foul Ball, location: 2F
1-2: Ball
2-2: Ball
3-2: Base on Balls
Pitching: RHP Millard Dalton
Batting: RHB Júlio Vargas 0-0: Ball
1-0: Ball
2-0: Swinging Strike
Passed Ball!
Luis Delvalle to second
2-1: SINGLE (Flyball, 9S)
Luis Delvalle to third
Batting: RHB Jimmy Fick 0-0: Ball
1-0: Grounds into double play, 4-6-3 (Groundball, 34)
Luis Delvalle scores
Batting: RHB Cody Jaeckel 0-0: Ball
1-0: Fly out, F7 (Line Drive, 78M)
Top of the 7th over - 1 run, 1 hit, 0 errors, 0 left on base; Minnesota 9 - Phoenix Hotspur 0
BOTTOM OF THE 7TH
Phoenix Hotspur Youth batting - Pitching for Minnesota Loons : LHP Steve Tedder
Batting: RHB Germán Alfaro 0-0: Called Strike
0-1: Ball
1-1: Called Strike
1-2: Ball
2-2: Foul Ball, location: 2F
2-2: Foul Ball, location: 2F
2-2: Foul Ball, location: 2F
2-2: SINGLE (Groundball, 4MD)
Pitching: RHP Fernando Barraza
Batting: LHB Damian Alldred 0-0: Called Strike
Germán Alfaro steals 2nd base
0-1: Foul Ball, location: 2F
0-2: Strikes out swinging
Batting: RHB James Turner 0-0: Swinging Strike
0-1: Ball
1-1: Ball
2-1: Foul Ball, location: 2F
2-2: Fly out, F4 (Line Drive, 4)
Batting: SHB Roldan Martir 0-0: Called Strike
0-1: Ball
1-1: Fly out, F2 (Popup, 15S)
Bottom of the 7th over - 0 runs, 1 hit, 0 errors, 1 left on base; Minnesota 9 - Phoenix Hotspur 0
TOP OF THE 8TH
Minnesota Loons batting - Pitching for Phoenix Hotspur Youth : RHP Millard Dalton
Batting: RHB José de la Cavallería 0-0: Called Strike
0-1: Hit by Pitch
Batting: RHB Rubén Medina 0-0: Ball
1-0: Fly out, F6 (Line Drive, 56D)
Batting: RHB Dhyana Snigdha 0-0: Called Strike
0-1: Swinging Strike
0-2: Ball
1-2: Ball
2-2: SINGLE (Line Drive, 4MD)
José de la Cavallería to second
Batting: RHB Jorge Echevarría 0-0: Swinging Strike
0-1: Ball
1-1: Ball
2-1: Ball
3-1: Swinging Strike
3-2: Fly out, F7 (Line Drive, 78M)
Batting: RHB Ángelo Delgado 0-0: Ball
1-0: Ball
2-0: Foul Ball, location: 2F
2-1: Ball
3-1: Swinging Strike
3-2: Foul Ball, location: 2F
3-2: Foul Ball, location: 2F
3-2: Foul Ball, location: 2F
3-2: Base on Balls
José de la Cavallería to third
Dhyana Snigdha to second
Batting: RHB Luis Delvalle 0-0: Ball
1-0: Foul Ball, location: 2F
1-1: DOUBLE (Line Drive, 9LM)
José de la Cavallería scores
Dhyana Snigdha scores
Ángelo Delgado to third
Runner from 3rd tries for Home, SAFE, no throw
Batting: RHB Júlio Vargas 0-0: Fly out, F8 (Flyball, 8LS)
Top of the 8th over - 3 runs, 2 hits, 0 errors, 1 left on base; Minnesota 12 - Phoenix Hotspur 0
BOTTOM OF THE 8TH
Phoenix Hotspur Youth batting - Pitching for Minnesota Loons : RHP Fernando Barraza
Now at C: Tabor Muzquiz
Batting: RHB Juan Negrete 0-0: Ball
1-0: Foul Ball, location: 2F
1-1: Fly out, F7 (Flyball, 78M)
Batting: LHB Tyler Kinjeketile 0-0: Ground out 4-3 (Groundball, 4)
Batting: LHB Kenny Scott 0-0: Ball
1-0: Ground out 4-3 (Groundball, 34)
Bottom of the 8th over - 0 runs, 0 hits, 0 errors, 0 left on base; Minnesota 12 - Phoenix Hotspur 0
TOP OF THE 9TH
Minnesota Loons batting - Pitching for Phoenix Hotspur Youth : RHP Millard Dalton
Batting: RHB Jimmy Fick 0-0: SINGLE (Flyball, 9S)
Batting: RHB Cody Jaeckel 0-0: Ball
1-0: Ball
2-0: Ball
3-0: Called Strike
3-1: DOUBLE (Line Drive, 9LM)
Jimmy Fick to third
Runner from 3rd tries for Home, SAFE, no throw
Batting: RHB José de la Cavallería 0-0: Ball
1-0: Foul Ball, location: 2F
1-1: Ball
2-1: Swinging Strike
2-2: Foul Ball, location: 2F
2-2: Ground out 1-3 (Groundball, 13S)
Cody Jaeckel to third
Batting: RHB Rubén Medina 0-0: Called Strike
0-1: Ball
1-1: Ball
2-1: Ball
3-1: Foul Ball, location: 2F
3-2: Strikes out swinging
Batting: RHB Dhyana Snigdha 0-0: Ball
1-0: Ball
2-0: Ball
3-0: Base on Balls
Batting: RHB Jorge Echevarría 0-0: Fly out, F7 (Flyball, 7LSF)
Top of the 9th over - 1 run, 2 hits, 0 errors, 2 left on base; Minnesota 13 - Phoenix Hotspur 0
BOTTOM OF THE 9TH
Phoenix Hotspur Youth batting - Pitching for Minnesota Loons : RHP Fernando Barraza
Now at 2B: Ramón Yniguez
Now in RF: Héctor Espiga
Batting: RHB Carl Tucker 0-0: Ball
1-0: Ball
2-0: Ball
3-0: Base on Balls
Batting: RHB Braylen Sampson 0-0: Called Strike
0-1: Ball
1-1: Swinging Strike
1-2: Strikes out looking
Batting: RHB Germán Alfaro 0-0: Ball
1-0: Ball
2-0: Called Strike
2-1: Foul Ball, location: 2F
2-2: Ball
3-2: Fly out, F8 (Flyball, 8RS)
Batting: LHB Damian Alldred 0-0: Ball
1-0: Foul Ball, location: 2F
1-1: Ball
2-1: Ball
3-1: Called Strike
3-2: TRIPLE (Flyball, 8LXD)
Carl Tucker scores
Batting: RHB James Turner 0-0: Ball
1-0: Called Strike
1-1: Foul Ball, location: 2F
1-2: Ball
2-2: Strikes out looking
Bottom of the 9th over - 1 run, 1 hit, 0 errors, 1 left on base; Minnesota 13 - Phoenix Hotspur 1
Tuesday, June 12th, 2018 - OOTP Baseball 18.8 Build 76